AoeStats
← ThunderboltX

Arabia

510175288Analyzed
1v1 RM · 3d ago on Sep 29, 2026· 34m 45s· 2 players
Game mode
Random Map
Map size
Tiny (2 player)
Population
200
Speed
Normal
Resources
Standard
Victory
Conquest
Starting age
Dark Age
Ending age
Imperial Age
RankedLock teamsTeams togetherTeam positionsShared explorationLock speedFull tech treeHidden civsTurbo modeCheats
Victory
Defeat
🇧🇬 Vietnamese · Bulgaria
2365
+11
🇨🇳 Huns · China
2243
-11
blytz
6:31 Loom
8:43 Feudal Age
8:53 Man-at-Arms
9:52 Double-Bit Axe
13:30 Fletching
21:21 Castle Age
20:05 Horse Collar
21:31 Bloodlines
21:34 Scale Barding Armor
22:32 Padded Archer Armor
22:27 Bodkin Arrow
22:09 Elite Skirmisher
24:17 Bow Saw
29:36 Wheelbarrow
29:27 Forging
30:08 Husbandry
31:45 Hand Cart
31:18 Town Watch
ThunderboltX
6:16 Loom
8:44 Feudal Age
9:22 Double-Bit Axe
9:17 Horse Collar
19:56 Castle Age
18:28 Fletching
19:41 Scale Mail Armor
19:41 Gold Mining
20:32 Bodkin Arrow
21:08 Bow Saw
21:57 Elite Skirmisher
23:16 Squires
25:57 Chain Mail Armor
28:03 Forging
28:07 Crossbowman
30:14 Wheelbarrow
29:44 Town Watch
31:40 Ballistics
32:46 Padded Archer Armor
33:21 Iron Casting
33:12 Arson
35:31 Leather Archer Armor
Connection lost

Rejoining the realm…

Still unreachable

The connection could not be restored.

Session expired

The server has moved on; the page needs a fresh start.